 Dungeon Crawl Stone Soup version 0.29.1-1-gd02db69 (webtiles) character file.

Game seed: 2790183227746973983

44060 samcosmo the Unseen (level 14, 0/84 HPs)
             Began as a Kobold Enchanter on Mar 28, 2023.
             Was the Champion of Dithmenos.
             Slain by a dream sheep (19 damage)
             ... on level 4 of the Lair of Beasts.
             The game lasted 02:24:38 (24920 turns).

samcosmo the Unseen (Kobold Enchanter)             Turns: 24920, Time: 02:24:40

Health: 0/84       AC: 12    Str:  6    XL:     14   Next: 63%
Magic:  23/27      EV:  3    Int: 20    God:    Dithmenos [******]
Gold:   1868       SH:  0    Dex: 20    Spells: 14/32 levels left

rFire   . . .      SeeInvis +   N - +2 dagger (protect)
rCold   . . .      Faith    .   (no shield)
rNeg    . . .      Spirit   .   x - +0 steam dragon scales
rPois   +          Reflect  .   z - +1 helmet
rElec   +          Harm     .   T - +1 cloak of Tuga {rElec Int+4}
rCorr   .          Rampage  .   (no gloves)
Will    +....                   p - +2 pair of boots Stlth ****++++++
                                M - amulet of the acrobat
HPRegen 0.24/turn               s - ring of see invisible
MPRegen 0.20/turn               F - ring of poison resistance

@: sleeping, wreathed by umbra
A: small, no large weapons, nightstalker 3
a: Renounce Religion, Shadow Step, Shadow Form


You were on level 4 of the Lair of Beasts.
You worshipped Dithmenos.
Dithmenos was exalted by your worship.
You visited 4 branches of the dungeon, and saw 20 of its levels.
You also visited: Ossuary, Bailey and Ice Cave.

You collected 1908 gold pieces.
You spent 40 gold pieces at shops.

Inventory:

Hand Weapons
 a - a +1 dagger
 b - a +5 short sword
 m - a +0 dagger of electrocution
 D - a +4 dagger of chaos
 N - a +2 dagger of protection (weapon)
Missiles
 C - 2 throwing nets (quivered)
Armour
 o - a +0 helmet
 p - a +2 pair of boots (worn)
 x - +0 steam dragon scales (worn)
 z - a +1 helmet (worn)
 T - the +1 cloak of Tuga (worn) {rElec Int+4}
   (You acquired it on level 4 of the Lair of Beasts)

   Int:       It affects your intelligence (+4).
   rElec:     It insulates you from electricity.
Jewellery
 f - a ring of magical power
 i - a ring of ice
 s - a ring of see invisible (left hand)
 t - an amulet of regeneration
 F - a ring of poison resistance (right hand)
 G - a +6 ring of strength
 H - a ring of flight
 L - a ring of fire
 M - an amulet of the acrobat (around neck)
Wands
 r - a wand of polymorph (3)
 y - a wand of flame (24)
 K - a wand of paralysis (17)
 O - a wand of iceblast (11)
 Q - a wand of mindburst (3)
Scrolls
 d - 9 scrolls of teleportation
 h - 2 scrolls of vulnerability
 w - 6 scrolls of magic mapping
 A - 5 scrolls of fear
 E - 6 scrolls of amnesia
 J - a scroll of silence
 P - 2 scrolls of blinking
 S - a scroll of identify
Potions
 c - 2 potions of lignification
 e - 2 potions of resistance
 g - 6 potions of curing
 j - 5 potions of degeneration
 k - 5 potions of brilliance
 l - 3 potions of might
 n - 2 potions of mutation
 q - 2 potions of haste
 u - 3 potions of flight
 v - 3 potions of attraction
 B - 2 potions of berserk rage
 I - a potion of cancellation
 R - a potion of invisibility


   Skills:
 - Level 8.6 Fighting
 + Level 14.2 Short Blades
 - Level 2.4 Dodging
 + Level 16.3 Stealth
 + Level 9.9 Spellcasting
 * Level 14.7 Hexes


You had 14 spell levels left.
You knew the following spells:

 Your Spells              Type           Power      Damage    Failure   Level
a - Ensorcelled Hibernat  Hex/Ice        78%        N/A       1%          2
b - Confusing Touch       Hex            62%        N/A       1%          3
c - Tukima's Dance        Hex            62%        N/A       1%          3
d - Dazzling Flash        Conj/Hex       78%        N/A       1%          3
e - Enfeeble              Hex            31%        N/A       14%         7

Your spell library contained the following spells:

 Spells                   Type           Power      Damage    Failure   Level
 Portal Projectile        Hex/Tloc       78%        N/A       1%          3
 Anguish                  Hex/Necr       19%        N/A       3%          4
 Fulminant Prism          Conj/Hex       19%        3d11      3%          4
 Leda's Liquefaction      Hex/Erth       19%        N/A       3%          4
 Freeze                   Ice            36%        1d6       7%          1
 Necrotise                Necr           36%        1d5       7%          1
 Metabolic Englaciation   Hex/Ice        19%        N/A       10%         5
 Summon Mana Viper        Hex/Summ       39%        N/A       10%         5
 Call Canine Familiar     Summ           9%         N/A       22%         3
 Conjure Flame            Conj/Fire      9%         6-21      22%         3
 Frozen Ramparts          Ice            18%        1d3       22%         3
 Ignite Poison            Fire/Tmut/Pois 9%         N/A       22%         3
 Ozocubu's Armour         Ice            9%         N/A       22%         3
 Vampiric Draining        Necr           9%         2d6       22%         3
 Hailstorm                Conj/Ice       9%         3d4       56%         4
 Iskenderun's Mystic Bla  Conj/Tloc      9%         2d4       56%         4
 Sticky Flame             Conj/Fire      9%         2d3       56%         4
 Summon Ice Beast         Ice/Summ       9%         N/A       56%         4
 Agony                    Necr           9%         N/A       89%         5
 Lee's Rapid Deconstruct  Erth           4%         3d6*      89%         5
 Simulacrum               Ice/Necr       4%         N/A       100%        6
 Monstrous Menagerie      Summ           4%         N/A       100%        7
 Ozocubu's Refrigeration  Ice            4%         4d8       100%        7


Dungeon Overview and Level Annotations

Branches:
Dungeon (12/15)            Temple (1/1) D:6            Lair (5/5) D:9
 Shoals (0/4) Lair:2       Spider (0/4) Lair:2          Orc (2/2) D:10
    Elf (0/3) Orc:2       Ossuary (visited)          Bailey (visited)
  IceCv (visited)
  Slime: Lair:4-5

Altars:
Ashenzari
Dithmenos
Elyvilon
Fedhas
Gozag
Hepliaklqana
Makhleb
Nemelex Xobeh
Qazlal
Ru
Sif Muna
Trog
Uskayaw
Vehumet
Yredelemnul
The Shining One

Shops:
D:10 (*   Orc:1 (   Orc:2 !((:

Annotations:
Lair:1 Fannar
Lair:4 1 runed translucent door, Endbringerleviathan's ghost, journeyman NaFE
Orc:1 1 runed translucent door, exclusion: 3 orange crystal statues


Innate Abilities, Weirdness & Mutations

You are small and have problems with some larger weapons.
You are completely attuned to the shadows.


Message History

You fall asleep.
You stop ascending the stairs.
The water moccasin bites you but does no damage.
The dream sheep bites you!!
You wake up.
You emit a cloud of dark smoke.
Unknown command.
The water moccasin completely misses you.
The dream sheep bites you but does no damage.
The komodo dragon bites you! The dream sheep barely misses you.
You climb upwards.
Level annotation: 1 runed translucent door, Endbringerleviathan's ghost, journeyman NaFE
There is a stone staircase leading down, spattered with blood here.
The water moccasin attacks as you move away!
The water moccasin bites you.
The dream sheep attacks as you move away!
The dream sheep closely misses you. The komodo dragon closely misses you.
The water moccasin closely misses you.
The water moccasin attacks as you move away!
The water moccasin closely misses you.
The dream sheep attacks as you move away!
The dream sheep completely misses you.
The dream sheep shake their wool and sparkle.
You feel drowsy...
You fall asleep.
The water moccasin bites you!
You wake up.
The dream sheep barely misses you.
Casting: Dazzling Flash (safe; 1% risk of failure)
Confirm with . or Enter, or press ? or * to list all spells.
Casting: Dazzling Flash (safe; 1% risk of failure)
Press: ? - help, Dir - look around, f - activate The dream sheep is dazzled.
The water moccasin is dazzled.
The water moccasin closely misses you. The dream sheep bites you!
* * * LOW HITPOINT WARNING * * *
The water moccasin barely misses you. The dream sheep misses you.
The dream sheep misses you.
The dream sheep attacks as you move away!
The dream sheep bites you.
* * * LOW HITPOINT WARNING * * *
The dream sheep shake their wool and sparkle.
You feel drowsy...
You fall asleep.
The dream sheep is no longer blind.
The dream sheep bites you!!
You die...

##...#....#....##....)##.....##..
...............#......##.....##..
...###...............######.##.#.
#..###.........#P.....##########.
#.#.#.....#....#.....##...#P#....
...#.P.......#...................
....P.....P>.#...................
...............Y.................
..............lY@................
.........#####..#................
..##P.....# #####...#...#####...
####.....####### #....##.# #....
.# ##.....#....###....##.####....
## #.....###...P#P....#...<.##...
.# ##.....##.....'....##|........
.# #......#......#....##....#P...
.# ##.....##...##................


You could see a komodo dragon and 2 dream sheep.

Vanquished Creatures
  An orc warlord (Orc:1)
  A reaper (IceCv)
  Nessos (Orc:2)
  3 hydras
  The ghost of Thanatos the Basher, a journeyman FoFi of Gozag (D:9)
  A two-headed ogre (D:11)
  Sonja (D:12)
  5 orc knights
  Pikel (D:7)
  A deep elf pyromancer (Bailey)
  An ugly thing (D:9)
  An orc sorcerer (Orc:1)
  A manticore (Lair:2)
  2 cyclopes (D:10)
  A salamander (shapeshifter) (Lair:4)
  Maurice (Orc:2)
  2 black mambas
  2 ice statues (IceCv)
  The ghost of hattey the Trooper, a novice HuWn (D:7)
  7 cane toads
  A torpor snail (Lair:2)
  4 rime drakes
  2 unseen horrors
  6 komodo dragons
  6 ice devils (IceCv)
  5 anaconda simulacra (IceCv)
  5 trolls
  A wind drake (Lair:2)
  2 polar bears (Lair:3)
  Prince Ribbit (D:7)
  3 slime creatures
  7 blink frogs
  2 dream sheep
  A jumping spider (Lair:2)
  A dire elephant simulacrum (IceCv)
  3 wyverns
  A shadow (D:9)
  A wraith (D:11)
  37 yaks
  3 basilisks
  A redback (Lair:2)
  3 steam dragons
  Menkaure (D:7)
  4 hydra simulacra (IceCv)
  7 water moccasins
  A sky beast (D:6)
  2 black bears
  39 orc warriors
  4 ogres (Orc:1)
  4 wolves (Lair:2)
  12 centaurs
  3 lemures (D:7)
  A phantom (D:3)
  6 bullfrogs
  2 kobold brigands (D:9)
  2 necrophages
  A gnoll sergeant (D:9)
  2 cane toad simulacra (IceCv)
  3 scorpions
  3 wights (D:7)
  8 killer bees
  5 howler monkeys
  An electric eel (Lair:2)
  2 hounds
  Crazy Yiuf (D:3)
  2 jellies (D:5)
  A gnoll bouda (Orc:1)
  12 orc priests
  6 iguanas
  Jessica (D:2)
  Natasha (thrice) (D:2)
  21 orc wizards
  A polar bear simulacrum (IceCv)
  6 hell rats (Lair:3)
  A wolf simulacrum (IceCv)
  A mummy (Ossuary)
  20 gnolls
  12 adders
  A naga simulacrum (IceCv)
  A shadow imp (D:6)
  2 white imps
  3 worms
  62 orcs
  3 spectral bats (Ossuary)
  4 endoplasms
  4 giant cockroaches
  12 gnoll zombies (Ossuary)
  15 goblins
  12 hobgoblins
  3 jackals (D:1)
  18 kobolds
  6 quokkas
  3 training dummies (D:10)
  9 ball pythons
  7 bats
  2 bat simulacra (Ossuary)
  2 frilled lizards
  6 goblin simulacra (Ossuary)
  4 goblin zombies (Ossuary)
  4 hobgoblin zombies (Ossuary)
  3 kobold simulacra (Ossuary)
  6 kobold zombies (Ossuary)
  4 orc zombies (Ossuary)
  5 rats
  3 rat simulacra (Ossuary)
  4 spectral goblins (Ossuary)
  4 spectral kobolds (Ossuary)
  2 spectral rats (Ossuary)
546 creatures vanquished.

Vanquished Creatures (collateral kills)
  A slime creature (D:11)
  An orc warrior (Orc:1)
  2 centaurs (Orc:2)
  An orc (Orc:2)
5 creatures vanquished.

Vanquished Creatures (others)
  11 dancing weapons
  3 orcs
  6 fungi (D:9)
  10 plants
30 creatures vanquished.

Grand Total: 581 creatures vanquished

Notes
Turn   | Place    | Note
-------+----------+-------------------------------------------
     0 | D:1      | samcosmo the Kobold Enchanter began the quest for the Orb.
     0 | D:1      | Reached XP level 1. HP: 10/10 MP: 3/3
   512 | D:1      | Reached XP level 2. HP: 16/16 MP: 5/5
   517 | D:1      | Learned a level 2 spell: Ensorcelled Hibernation
   976 | D:1      | Reached skill level 1 in Fighting
  1054 | D:1      | Reached XP level 3. HP: 20/20 MP: 6/6
  1267 | D:1      | Found a faded altar of an unknown god.
  1386 | D:2      | Noticed Natasha
  1394 | D:2      | Killed Natasha
  1395 | D:2      | Reached XP level 4. HP: 20/25 MP: 8/8
  1570 | D:2      | Learned a level 3 spell: Confusing Touch
  1574 | D:2      | Learned a level 3 spell: Tukima's Dance
  1615 | D:2      | Noticed Jessica
  1620 | D:2      | Killed Jessica
  2066 | D:2      | Reached XP level 5. HP: 26/30 MP: 9/9
  2482 | D:2      | Noticed Natasha
  2487 | D:2      | Killed Natasha
  2488 | D:2      | Reached skill level 5 in Stealth
  2615 | D:2      | Reached XP level 6. HP: 35/35 MP: 11/11
  2720 | D:2      | Noticed Natasha
  2722 | D:2      | Killed Natasha
  2866 | D:3      | Learned a level 3 spell: Dazzling Flash
  4153 | D:3      | Found a runed translucent door.
  4156 | D:3      | Noticed Crazy Yiuf
  4161 | D:3      | Killed Crazy Yiuf
  4557 | D:4      | Reached XP level 7. HP: 40/40 MP: 13/13
  5404 | D:4      | Reached skill level 5 in Spellcasting
  5674 | D:4      | Reached skill level 6 in Stealth
  5693 | D:3      | Reached XP level 8. HP: 39/46 MP: 15/15
  6303 | D:5      | Entered Level 5 of the Dungeon
  6314 | D:5      | Found a sacrificial altar of Ru.
  6385 | D:6      | Found a staircase to the Ecumenical Temple.
  6394 | Temple   | Entered the Ecumenical Temple
  6763 | Temple   | Became a worshipper of Dithmenos the Shadowed
  6841 | D:6      | Found a sand-covered staircase.
  6847 | Ossuary  | Entered an ossuary
  7010 | Ossuary  | Reached skill level 5 in Short Blades
  7140 | Ossuary  | Reached * piety under Dithmenos
  7542 | Ossuary  | Reached ** piety under Dithmenos
  8114 | D:5      | Reached skill level 7 in Stealth
  8114 | D:5      | Reached skill level 5 in Hexes
  8620 | D:5      | Reached XP level 9. HP: 52/52 MP: 18/18
  9371 | D:6      | Reached skill level 5 in Fighting
  9439 | D:7      | Noticed Prince Ribbit
  9439 | D:7      | Found a large runed translucent door.
  9439 | D:7      | Found a large runed translucent door.
  9624 | D:7      | Reached skill level 8 in Stealth
  9932 | D:7      | Noticed Pikel
 10008 | D:7      | Killed Pikel
 10109 | D:7      | Noticed Menkaure
 10113 | D:7      | Killed Menkaure
 10458 | D:7      | Killed Prince Ribbit
 10459 | D:7      | Reached skill level 9 in Stealth
 10459 | D:7      | Reached XP level 10. HP: 60/60 MP: 17/19
 10624 | D:7      | Noticed hattey's ghost (novice HuWn)
 10628 | D:7      | Killed hattey's ghost
 10738 | D:8      | You fall into a shaft and drop 2 floors!
 10738 | D:10     | Entered Level 10 of the Dungeon
 10738 | D:10     | Found a staircase to the Orcish Mines.
 10770 | D:10     | Noticed a komodo dragon
 10783 | D:10     | Killed a komodo dragon
 10838 | D:10     | Found Lelaimum's General Store.
 10845 | D:10     | Bought a scroll of identify for 20 gold pieces
 10845 | D:10     | Bought a scroll of identify for 20 gold pieces
 10954 | D:9      | Reached skill level 10 in Short Blades
 11001 | D:9      | Reached skill level 10 in Stealth
 11018 | D:9      | Reached *** piety under Dithmenos
 11024 | D:9      | Found a flagged portal.
 11050 | Bailey   | Entered a bailey
 11360 | Bailey   | Noticed a deep elf pyromancer
 11378 | Bailey   | Noticed an orc knight
 11455 | Bailey   | Killed an orc knight
 11591 | Bailey   | Found a large runed translucent door.
 11602 | Bailey   | Found a large runed translucent door.
 11684 | Bailey   | Killed a deep elf pyromancer
 11685 | Bailey   | Reached skill level 11 in Stealth
 11685 | Bailey   | Reached XP level 11. HP: 47/66 MP: 16/20
 11825 | D:9      | Found a hide-covered altar of Uskayaw.
 12053 | D:9      | Found a runed translucent door.
 12054 | D:9      | Noticed Thanatos's ghost (journeyman FoFi)
 12134 | D:9      | Noticed a green ugly thing
 12464 | D:9      | Found a staircase to the Lair.
 12951 | D:8      | Found a bloodstained altar of Trog.
 13201 | D:8      | Found a broken altar of Ashenzari.
 13713 | D:10     | Noticed a cyclops
 13725 | D:10     | Killed a cyclops
 13726 | D:10     | Reached skill level 12 in Stealth
 13835 | D:10     | Found Ubuol's Firing Range.
 13863 | D:10     | Reached **** piety under Dithmenos
 13871 | D:10     | Reached skill level 10 in Hexes
 14054 | D:10     | Noticed a cyclops
 14065 | D:10     | Killed a cyclops
 14863 | D:11     | Noticed a two-headed ogre
 14867 | D:11     | Killed a two-headed ogre
 15087 | D:11     | Reached XP level 12. HP: 75/75 MP: 21/21
 15135 | D:11     | Identified a scroll of acquirement
 15141 | D:11     | Acquired a book of Maledictions
 15151 | D:11     | Learned a level 7 spell: Enfeeble
 15421 | D:11     | Reached skill level 13 in Stealth
 15817 | D:12     | Noticed Sonja
 15824 | D:12     | Killed Sonja
 15894 | D:12     | Found a frozen archway.
 15902 | IceCv    | Entered an ice cave
 16990 | IceCv    | Noticed a reaper
 16993 | IceCv    | Killed a reaper
 17053 | IceCv    | Reached skill level 14 in Stealth
 17112 | IceCv    | Reached ***** piety under Dithmenos
 17145 | IceCv    | Reached XP level 13. HP: 79/79 MP: 24/24
 17420 | D:11     | HP: 1/79 [slime creature (10)]
 17554 | Orc:1    | Entered Level 1 of the Orcish Mines
 17600 | Orc:1    | Found Lilo's Weapon Shoppe.
 18169 | Orc:1    | Noticed an orc warlord
 18243 | Orc:1    | Killed an orc warlord
 18429 | Orc:1    | Found a runed translucent door.
 18490 | Orc:1    | Found a runed translucent door.
 18759 | Orc:1    | Found the +10 tower shield of Ignorance {rN+ Int-4}
 18787 | Orc:2    | Entered Level 2 of the Orcish Mines
 18787 | Orc:2    | Noticed Nessos
 18787 | Orc:2    | Noticed Maurice
 19122 | Orc:2    | Found a staircase to the Elven Halls.
 19813 | Orc:2    | Reached skill level 15 in Stealth
 20157 | Orc:2    | Killed Nessos
 20375 | Orc:2    | Killed Maurice
 20615 | Orc:2    | Found Gommal's Weapon Shoppe.
 20615 | Orc:2    | Found Ajux's Antique Weapon Shop.
 20615 | Orc:2    | Found Isuj's Distillery.
 20616 | Orc:2    | Found Ijempa's Book Emporium.
 21009 | Lair:1   | Entered Level 1 of the Lair of Beasts
 21716 | Lair:1   | Noticed Fannar
 21872 | Lair:2   | Reached ****** piety under Dithmenos
 21944 | Lair:2   | Found a staircase to the Shoals.
 21955 | Lair:2   | Reached XP level 14. HP: 84/84 MP: 27/27
 22450 | Lair:2   | Found a hole to the Spider Nest.
 23071 | Lair:3   | Reached skill level 16 in Stealth
 23514 | Lair:4   | Found a runed translucent door.
 23515 | Lair:4   | Identified the +1 spear of Uskayaw, Chewing {flame, MP+9}
 23520 | Lair:4   | Noticed Endbringerleviathan's ghost (journeyman NaFE)
 23732 | Lair:4   | Acquired the +1 cloak of Tuga {rElec Int+4}
 24520 | D:9      | Killed Thanatos's ghost
 24720 | Lair:5   | Entered Level 5 of the Lair of Beasts
 24920 | Lair:4   | Slain by a dream sheep

Illustrated notes

Levels and vault maps discovered:
D:1:      roderic_octagonal_star, layout_basic, basic_ecumenical_altar
D:2:      layout_loops_ring, minmay_heptomino_h4, uniq_jessica, uniq_natasha
D:3:      layout_basic, uniq_crazy_yiuf_cottage
D:4:      minmay_thinvault, layout_loops_corners, dk_vineyard_3,
          minmay_starry_boxes
D:5:      layout_layer_cave, kennysheep_mini_moat
D:6:      layout_rooms, minmay_temple_entry_water_ring,
          nicolae_ossuary_entry_ruins, serial_glass, glass_columns_b,
          glass_columns_a, glass_columns_a, glass_columns_a, glass_columns_c
D:7:      layout_layer_cave, ebering_ghost_disaster_area, uniq_pikel,
          uniq_prince_ribbit1, uniq_menkaure
D:8:      layout_loops_ring, mainiacjoe_overflow_big_doors
D:9:      layout_roguey, kennysheep_little_box, grunt_lair_entry_orc_guard_hut,
          enter_bailey_5, ebering_ghost_inner_flame, nrook_mini_backslash
D:10:     layout_long_grid, orc_0_dummy, serial_shops, nicolae_square_shop,
          chequers_serial_rivers_large_b, nicolae_shop_firing_range
D:11:     layout_small_grid, nicolae_elevator_lobby_asterisk
D:12:     layout_rooms, portal_ice_cave_rime, uniq_sonja
Temple:   regret_index_temple_chain_breaker
Lair:1:   layout_small_grid, uniq_fannar
Lair:2:   layout_misc_corridors, minmay_shoals_entry_beasts,
          spider_nest_entry_a, infiniplex_staircase_pool
Lair:3:   layout_loops_ring, grunt_megastairs_1
Lair:4:   layout_regular_city, ebering_ghost_funeral_grove
Lair:5:   minmay_lair_end_enchanted_forest, layout_long_grid,
          minmay_slime_entry_jelly_boxes, evilmike_ambush
          [evilmike_ambush_outer_pillars, evilmike_ambush_inner_pond]
Orc:1:    layout_diamond_mine, serial_shops, nicolae_shop_bloodbath_and_beyond,
          chequers_guarded_unrand_ignorance
Orc:2:    st_orc_rangers, layout_caves, uniq_nessos, uniq_maurice

Skill      XL: |  1  2  3  4  5  6  7  8  9 10 11 12 13 14 |
---------------+-------------------------------------------+-----
Fighting       | 1 2 3 4 6 8 |  8.6
Short Blades   | 2 3 4 5 8 10 11 13 14 | 14.2
Spellcasting   | 3 4 5 6 7 9 |  9.9
Stealth        | 5 6 7 9 11 12 14 15 16 | 16.3
Hexes          | 4 5 6 8 10 12 13 14 | 14.7
Dodging        | |  2.4

Action                   |  1- 3 |  4- 6 |  7- 9 | 10-12 | 13-15 || total
-------------------------+-------+-------+-------+-------+-------++-------
Melee: Dagger            |    45 |   125 |   420 |   419 |   452 ||  1461
       Unarmed           |       |     2 |       |       |       ||     2
       Punch             |       |     3 |     6 |     6 |     4 ||    19
       Short sword       |       |       |       |   219 |    15 ||   234
Throw: Throwing net      |       |       |       |       |     1 ||     1
 Cast: Ensorcelled Hiber |     7 |    21 |    33 |    37 |    58 ||   156
       Confusing Touch   |       |       |    16 |    25 |     6 ||    47
       Dazzling Flash    |       |       |     2 |    24 |    37 ||    63
       Tukima's Dance    |       |       |       |    19 |    57 ||    76
Evoke: Wand              |       |       |       |     3 |       ||     3
  Use: Scroll            |       |    13 |     8 |    12 |     7 ||    40
       Potion            |       |       |     6 |     5 |     1 ||    12
 Stab: Sleeping          |    16 |    43 |    68 |    61 |    98 ||   286
       Distracted        |       |     1 |     1 |     2 |     6 ||    10
       Confused          |       |       |     8 |    23 |     6 ||    37
       Invisible         |       |       |     5 |    22 |    30 ||    57
Armor: Robe              |     2 |    12 |    74 |       |       ||    88
       Steam dragon scal |       |       |     2 |   103 |   105 ||   210
Dodge: Dodged            |    15 |    77 |   279 |   285 |   467 ||  1123
